 Dungeon Crawl Stone Soup version 0.32-a0-938-g40ac7a0f4d (webtiles) character file.

Game seed: 17753661365462198809

66 smashvw the Ruffian (level 4, -1/34 HPs)
             Began as a Gnoll Shapeshifter on Apr 15, 2024.
             Slain by an orc priest
             ... wielding a +0 club
              (4 damage)
             ... on level 2 of the Dungeon.
             The game lasted 00:03:29 (1293 turns).

smashvw the Ruffian (Gnoll Shapeshifter)            Turns: 1293, Time: 00:03:30

Health: -1/34      AC:  8    Str: 16    XL:     4   Next: 15%
Magic:  5/5        EV:  7    Int:  9    God:
Gold:   96         SH:  0    Dex: 11    Spells: 5/5 levels left

rFire   . . .        i - +1 dagger (freeze)
rCold   . . .        (no shield)
rNeg    . . .        h - +0 chain mail
rPois   .            (helmet currently unavailable)
rElec   .            (cloak currently unavailable)
rCorr   .            (gloves currently unavailable)
SInv    .            (boots currently unavailable)
Will    .....        (no amulet) Stlth
                     (no ring)
HPRegen 0.25/turn    (no ring)
MPRegen 0.09/turn

%: no passive effects
@: beast-form
A: beast (slay +3), fangs 1, strong nose, distributed training
a: Begin Untransformation, Convert to Beogh


You were on level 2 of the Dungeon.
You were a hulking beast.
You visited 1 branch of the dungeon, and saw 2 of its levels.

You collected 96 gold pieces.

Inventory:

Hand Weapons
 i - a +1 dagger of freezing (weapon)
Missiles
 e - 5 poisoned darts (quivered)
Armour
 h - a +0 chain mail (worn)
Talismans
 a - a granite talisman
 c - a beast talisman (active)
 d - a flux talisman
Scrolls
 f - 4 scrolls of identify {unknown}
 j - 2 scrolls of amnesia {unknown}
 k - a scroll of blinking {unknown}
 m - 2 scrolls of teleportation {unknown}
Potions
 b - 2 potions of lignification
 g - a potion of ambrosia {unknown}
 l - 2 potions of resistance {unknown}
 n - a potion of heal wounds {unknown}


   Skills:
 + Level 2.7 Fighting
 + Level 1.1 Short Blades
 + Level 1.1 Long Blades
 + Level 1.1 Axes
 + Level 1.1 Maces & Flails
 + Level 1.1 Polearms
 + Level 1.1 Staves
 + Level 1.1 Ranged Weapons
 + Level 1.1 Throwing
 + Level 1.1 Armour
 + Level 4.6 Dodging
 + Level 1.1 Stealth
 + Level 1.1 Shields
 + Level 6.6 Unarmed Combat
 + Level 1.1 Spellcasting
 + Level 0.8 Conjurations
 + Level 0.8 Hexes
 + Level 0.8 Summonings
 + Level 0.8 Necromancy
 + Level 0.8 Translocations
 + Level 0.8 Fire Magic
 + Level 0.8 Ice Magic
 + Level 0.8 Air Magic
 + Level 0.8 Earth Magic
 + Level 0.8 Alchemy
 + Level 1.2 Invocations
 + Level 1.1 Evocations
 + Level 6.5 Shapeshifting


You had 5 spell levels left.
You didn't know any spells.
Your spell library was empty.

Dungeon Overview and Level Annotations

Branches:
Dungeon (2/15)

Altars:


Innate Abilities, Weirdness & Mutations

You are a hulking beast.
Your limbs bulge with bestial killing power. (Slay +3)
You have very sharp teeth.
Your uncanny sense of smell can sniff out nearby items.
Your experience applies equally to all skills.


Message History

The orc priest shouts, "The Pantheon deserves no one's loyalty.
Let us show you the true path!" The orc priest hits you with a +0 club.
You closely miss the orc priest.
The orc priest shouts, "Beogh offers mercy even to people such as you.
Join us and be reborn!"
The orc priest mumbles some strange prayers to Beogh against you.
Pain shoots through your body!
* * * LOW HITPOINT WARNING * * *
You hit the orc priest. You freeze the orc priest.
The orc priest is moderately wounded.
The orc priest hits you with a +0 club.
* * * LOW HITPOINT WARNING * * *
You closely miss the orc priest.
The orc priest is moderately wounded.
The orc priest hits you with a +0 club.
* * * LOW HITPOINT WARNING * * *
You hit the orc priest but do no damage.
The orc priest is moderately wounded.
The orc priest hits you but does no damage.
You hit the orc priest but do no damage.
The orc priest is moderately wounded.
The orc priest hits you with a +0 club.
* * * LOW HITPOINT WARNING * * *
You closely miss the orc priest. You bite the orc priest.
The orc priest is heavily wounded.
The orc priest hits you with a +0 club.
* * * LOW HITPOINT WARNING * * *
You closely miss the orc priest.
The orc priest is heavily wounded.
The orc priest shouts, "The Pantheon deserves no one's loyalty.
Let us show you the true path!"
The orc priest hits you but does no damage.
You hit the orc priest. You freeze the orc priest.
The orc priest is almost dead.
The orc priest hits you with a +0 club.
* * * LOW HITPOINT WARNING * * *
You completely miss the orc priest.
The orc priest is almost dead.
You closely miss the orc priest.
The orc priest is almost dead.
The orc priest hits you with a +0 club.
You die...

.# ## .# #### .# .... ######
.# #..### #....## .# #...#
#....#. .# #####.#.#####
#....#. .### #......)....#
#....#. ... . .#.......#.#
#...... ..##.## #.#..h#.#.#
#.....# #......
#.....o.#.######.....#
..##.#
#.......#......'......
......
..#.......#..###.#....##
...#+###
..#.#...#.#..#..).....#
.......#
..#.......#..#.<#.#####
.^.....# ..##.....##..##.#.#
.......# ..###$⌠$###.......#
....†..##...#######..###.###


You could see an orc priest.

Vanquished Creatures
  An adder (D:2)
  A dart slug (D:2)
  2 orcs (D:2)
  A ball python (D:2)
  2 bats (D:1)
  13 endoplasms
  2 giant cockroaches (D:2)
  8 hobgoblins
  3 jackals (D:1)
  2 quokkas
  2 frilled lizards
  A goblin (D:1)
  4 kobolds
  2 rats
44 creatures vanquished.

Notes
Turn   | Place    | Note
-------+----------+-------------------------------------------
     0 | D:1      | smashvw the Gnoll Shapeshifter began the quest for the Orb.
     0 | D:1      | Reached XP level 1. HP: 17/17 MP: 1/1
   110 | D:1      | Reached XP level 2. HP: 23/23 MP: 2/2
   244 | D:1      | Found a faded altar of an unknown god.
   714 | D:2      | Reached XP level 3. HP: 25/28 MP: 3/3
   808 | D:2      | Reached skill level 1 in Invocations
   955 | D:2      | Reached skill level 1 in Short Blades
   955 | D:2      | Reached skill level 1 in Long Blades
   955 | D:2      | Reached skill level 1 in Axes
   955 | D:2      | Reached skill level 1 in Maces & Flails
   955 | D:2      | Reached skill level 1 in Polearms
   955 | D:2      | Reached skill level 1 in Staves
   955 | D:2      | Reached skill level 1 in Ranged Weapons
   955 | D:2      | Reached skill level 1 in Throwing
   955 | D:2      | Reached skill level 1 in Armour
   955 | D:2      | Reached skill level 1 in Stealth
   955 | D:2      | Reached skill level 1 in Shields
   955 | D:2      | Reached skill level 1 in Spellcasting
   955 | D:2      | Reached skill level 1 in Evocations
  1100 | D:2      | Reached XP level 4. HP: 34/34 MP: 5/5
  1293 | D:2      | Slain by an orc priest

Illustrated notes

Levels and vault maps discovered:
D:1:      dpeg_arrival_round_a, layout_loops_ring,
          hellmonk_ecumenical_altar_leap_of_faith
D:2:      cheibrodos_pilgrimage, layout_basic, small_statue_intersection

Skill      XL: |  1  2  3 |
---------------+----------+-----
Invocations    | 1 |  1.2
Short Blades   | 1 |  1.1
Long Blades    | 1 |  1.1
Axes           | 1 |  1.1
Maces & Flails | 1 |  1.1
Polearms       | 1 |  1.1
Staves         | 1 |  1.1
Ranged Weapons | 1 |  1.1
Throwing       | 1 |  1.1
Armour         | 1 |  1.1
Stealth        | 1 |  1.1
Shields        | 1 |  1.1
Spellcasting   | 1 |  1.1
Evocations     | 1 |  1.1
Fighting       | |  2.7
Dodging        | |  4.6
Unarmed Combat | |  6.6
Conjurations   | |  0.8
Hexes          | |  0.8
Summonings     | |  0.8
Necromancy     | |  0.8
Translocations | |  0.8
Fire Magic     | |  0.8
Ice Magic      | |  0.8
Air Magic      | |  0.8
Earth Magic    | |  0.8
Alchemy        | |  0.8
Shapeshifting  | |  6.5

Action                     |  1- 3 |  4- 6 || total
---------------------------+-------+-------++-------
  Melee: Unarmed           |    18 |       ||    18
         Dagger            |    81 |    27 ||   108
         Bite              |    11 |     4 ||    15
         Punch             |     1 |       ||     1
 Armour: Animal skin       |     5 |       ||     5
         Chain mail        |    42 |    16 ||    58
  Dodge: Dodged            |    30 |     8 ||    38

Table legend: (Time is in decaauts)
 A = Elapsed time spent in this place.
 B = Non-inter-level travel time spent in this place.
 C = Inter-level travel time spent in this place.
 D = Time resting spent in this place.
 E = Time spent auto-exploring this place.
 F = Levels seen in this place.
 G = Mean time per level.
                   A        B        C        D        E       F      G
               +--------+--------+--------+--------+--------+-----+--------+
         Total |   1286 |   1267 |     19 |      0 |    950 |   2 |  643.0 |
       Dungeon |   1286 |   1267 |     19 |      0 |    950 |   2 |  643.0 |
               +--------+--------+--------+--------+--------+-----+--------+

Top non-repeatable levels by time:
     D:1: 693 daAuts
     D:2: 592 daAuts
